 Seeded DCSS version 0.29-a0-648-g6b26cc9 (webtiles) character file.

Game seed: 2767337840731368785 (custom seed)

3729 edsrzf the Frost Mage (level 10, -4/50 HPs)
             Began as a Gargoyle Ice Elementalist on June 19, 2022.
             Slain by an orc knight
             ... wielding a +0 glaive
              (10 damage)
             ... in a bailey on June 20, 2022.
             The game lasted 00:30:08 (8156 turns).

edsrzf the Frost Mage (Gargoyle Ice Elementalist)   Turns: 8156, Time: 00:30:10

Health: -4/50      AC: 25    Str: 17    XL:     10   Next: 14%
Magic:  12/20      EV: 10    Int: 20    God:
Gold:   420        SH:  0    Dex: 16    Spells: 14/23 levels left

rFire   + . .      SeeInvis .   b - +1 whip (elec)
rCold   + . .      Faith    .   (no shield)
rNeg    + + .      Spirit   .   m - +1 scale mail "Zaropon" {rC+ rN+ Str+5}
rPois   ∞          Reflect  .   w - +0 helmet
rElec   +          Harm     .   k - +0 cloak
rCorr   .          Rampage  .   q - +0 pair of gloves
Will    .....                   i - +0 pair of boots
Stlth   +.........              (no amulet)
HPRegen 0.16/turn               r - +6 ring of dexterity
MPRegen 0.17/turn               x - ring of protection from fire

@: ice-armoured, freezing walls, studying Crossbows
A: sickness immunity, AC +7, negative energy resistance 1, electricity
resistance, torment resistance 1, petrification resistance
a: no special abilities


You were in a bailey.
You visited 1 branch of the dungeon, and saw 7 of its levels.
You also visited: Bailey.

You collected 420 gold pieces.

Inventory:

Hand Weapons
 a - a +0 vorpal flail
 b - a +1 whip of electrocution (weapon)
 h - the +5 arbalest of the Vestibule of Hell {elec, rPois}
   (You found it in a bailey)

   Any ammunition fired from it occasionally discharges a powerful burst of
   electricity upon striking a foe.
   rPois:     It protects you from poison.
Missiles
 e - 13 poisoned darts
 C - a curare-tipped dart
Armour
 i - a +0 pair of boots (worn)
 k - a +0 cloak (worn)
 m - the +1 scale mail "Zaropon" (worn) {rC+ rN+ Str+5}
   (You found it on level 2 of the Dungeon)

   Str:       It affects your strength (+5).
   rC:        It protects you from cold.
   rN:        It protects you from negative energy.
 q - a +0 pair of gloves (worn)
 w - a +0 helmet (worn)
Jewellery
 r - a +6 ring of dexterity (left hand)
 x - a ring of protection from fire (right hand)
Wands
 s - a wand of iceblast (18)
 z - a wand of mindburst (4)
 F - a wand of flame (15)
Scrolls
 d - 3 scrolls of summoning
 f - a scroll of vulnerability {unknown}
 g - 2 scrolls of silence
 l - 2 scrolls of immolation
 p - 3 scrolls of teleportation
 t - a scroll of noise {unknown}
 y - 4 scrolls of identify {@r1}
 D - a scroll of poison {unknown}
Potions
 c - 5 potions of brilliance
 j - 3 potions of flight
 n - 2 potions of might {unknown}
 v - a potion of ambrosia
 B - 2 potions of magic
 E - a potion of invisibility


   Skills:
 - Level 6.1 Maces & Flails
 - Level 8.1 Armour
 - Level 1.5 Dodging
 - Level 2.1 Stealth
 - Level 7.0 Spellcasting
 + Level 6.4 Conjurations
 - Level 10.2 Ice Magic


You had 14 spell levels left.
You knew the following spells:

 Your Spells              Type           Power      Damage    Failure   Level
f - Frozen Ramparts       Ice            94%        1d11      1%          3
o - Ozocubu's Armour      Ice            47%        N/A       1%          3
r - Searing Ray           Conj           64%        2d6       3%          2
X - Freeze                Ice            100%       1d11      1%          1

Your spell library contained the following spells:

 Spells                   Type           Power      Damage    Failure   Level
 Magic Dart               Conj           100%       1d8       1%          1
 Hailstorm                Conj/Ice       40%        3d10      9%          4
 Beastly Appendage        Tmut           14%        N/A       26%         1
 Necrotize                Necr           28%        1d5       26%         1
 Wereblood                Tmut           7%         N/A       38%         2
 Fulminant Prism          Conj/Hex       9%         3d7       58%         4
 Spider Form              Tmut/Pois      7%         N/A       63%         3
 Vampiric Draining        Necr           7%         2d6       63%         3
 Animate Dead             Necr           7%         N/A       95%         4
 Agony                    Necr           7%         N/A       100%        5
 Borgnjor's Vile Clutch   Necr/Erth      3%         N/A       100%        5
 Death Channel            Necr           3%         N/A       100%        6
 Haunt                    Necr/Summ      3%         N/A       100%        7
 Summon Hydra             Summ           3%         N/A       100%        7
 Infestation              Necr           3%         N/A       100%        8
 Sublimation of Blood     Necr           Unusable   N/A       N/A         2

Dungeon Overview and Level Annotations

Branches:
Dungeon (7/15)             Temple (0/1) D:6          Bailey (1/1)

Altars:
Makhleb
Nemelex Xobeh
Uskayaw
Yredelemnul
The Shining One

Shops:
D:7 *


Innate Abilities, Weirdness & Mutations

You are immune to sickness and miasma.
Your stone body is resilient. (AC +7)
You are immune to poison.
You resist negative energy. (rN+)
You are resistant to electric shocks. (rElec)
You are resistant to unholy torment.
You are immune to petrification.


Message History

A film of ice covers your body! The orc warrior closely misses you.
Casting: Ozocubu's Armour (safe; 1% risk of failure)
Confirm with . or Enter, or press ? or * to list all spells.
Casting: Frozen Ramparts (safe; 1% risk of failure)
Press: ? - help, Dir - look around, f - activate An open door.
The walls around you are covered in ice.
The wall freezes the orc warrior!
The orc warrior hits you but does no damage.
Unknown command.
Casting: Frozen Ramparts (safe; 1% risk of failure)
Confirm with . or Enter, or press ? or * to list all spells.
You freeze the orc warrior.
The orc warrior is moderately wounded.
The wall freezes the orc warrior!
The orc warrior hits you but does no damage.
Casting: Freeze (safe; 1% risk of failure)
Confirm with . or Enter, or press ? or * to list all spells.
You freeze the orc warrior.
The orc warrior is severely wounded.
The wall freezes the orc warrior!
You kill the orc warrior!
Your icy armour cracks and falls away as you move.
The frozen ramparts melt away as you move.
Things that are here:
a +0 spear; a +0 scale mail
There is an open door here.
You open the door.
There is an open door here.
As you open the door, it creaks loudly!
An orc comes into view. It is wielding a +0 halberd.
The orc shouts!
The orc barely misses you. The orc hits you but does no damage.
There is an open door here.
You completely miss the orc. The orc barely misses you.
You hit the orc.
The orc is moderately wounded.
You hit the orc but do no damage.
The orc is moderately wounded.
The orc hits you but does no damage.
You hit the orc.
The orc is severely wounded.
The orc barely misses you.
You hit the orc.
The orc is almost dead.
The orc barely misses you.
You closely miss the orc.
The orc is almost dead.
The orc hits you but does no damage.
You hit the orc.
You kill the orc!
Things that are here:
a +0 halberd; a +0 ring mail
There is an open door here.
You open the gate.
Found a steaming arbalest.
Found two gates leading back out of this place.
There is an open gate here.
You see here the +5 arbalest of the Vestibule of Hell {elec, rPois}.
h - the +5 arbalest of the Vestibule of Hell {elec, rPois} You open the door. 2 orc warriors and 2 orc knights come into view.
The orc warrior shouts!
The orc knight shouts!
The orc warrior shouts!
The orc knight roars a battlecry!
The orcs go into a battle-frenzy!
The orc knight barely misses you.
Found a manual of Shields and a scroll of acquirement.
Found a roughly hewn altar of Beogh.
Press: ? - help, v - describe, . - travel
Here: an orc knight, wielding a +0 glaive and wearing a +0 plate armour (strong)
The floor.
Unknown command.
The orc knight roars a battlecry!
The orc knight goes into a battle-frenzy!
There is an open gate here.
The orc warrior closely misses you. x2
The orc knight hits you from afar with a +0 glaive.
Casting: Freeze (safe; 1% risk of failure)
Confirm with . or Enter, or press ? or * to list all spells.
A film of ice covers your body!
The orc warrior hits you but does no damage.
The orc knight hits you from afar with a +0 glaive!!
The orc knight hits you from afar with a +0 glaive.
Casting: Ozocubu's Armour (safe; 1% risk of failure)
Confirm with . or Enter, or press ? or * to list all spells.
Casting: Frozen Ramparts (safe; 1% risk of failure)
Press: ? - help, Dir - look around, f - activate The walls around you are covered in ice.
The wall freezes the orc warrior!
The orc warrior hits you from afar with a +0 spear.
* * * LOW HITPOINT WARNING * * *
The wall freezes the orc warrior!
The orc warrior hits you with a +0 halberd!
* * * LOW HITPOINT WARNING * * *
The wall freezes the orc knight.
The orc knight hits you but does no damage.
The wall freezes the orc knight!
The orc knight hits you from afar with a +0 glaive!
You die...

...........##.......##...........
..........##..#'#'#..##..........
..........#..##)#)##..#..........
.........##.#########.##.........
.........##.'.#?.:#)'.##.........
.........##.###._.###.##.........
.........##.')#ooo#)'.##.........
.........##.####'####.##.........
..........#..##o@∩##..##.........
..........##..#'''##.............
...........##.....##.............
...≈≈.≈≈≈...##....##....≈≈≈)≈≈...
..≈≈#.##≈....#######....≈##)#≈≈..
..≈##.∩#≈...............≈#∩.##≈..
..≈#..))................)....#≈..
..≈##.##≈...............≈##.##≈..
..≈≈###≈≈...............≈≈###≈≈..


You could see 2 orc knights and 2 orc warriors.

Vanquished Creatures
  Duvessa (D:5)
  10 orc warriors
  2 sky beasts
  3 ice beasts
  3 ogres
  2 phantoms (D:5)
  2 kobold brigands
  3 bullfrogs (D:7)
  3 scorpions
  2 necrophages
  Dowan (D:5)
  2 wights
  An electric eel (D:6)
  2 jellies
  2 orc priests
  Crazy Yiuf (D:2)
  2 gnoll shamans
  3 iron imps (D:3)
  4 iguanas
  15 gnolls
  8 adders
  A white imp (D:7)
  An ufetubus (D:4)
  3 worms
  2 dart slugs
  24 orcs
  8 ball pythons
  10 endoplasms
  7 giant cockroaches
  8 hobgoblins
  4 jackals (D:2)
  2 quokkas
  5 bats
  2 frilled lizards
  10 goblins
  14 kobolds
  3 rats
176 creatures vanquished.

Vanquished Creatures (others)
  4 plants (D:6)
4 creatures vanquished.

Grand Total: 180 creatures vanquished

Notes
Turn   | Place    | Note
-------+----------+-------------------------------------------
     0 | D:1      | edsrzf the Gargoyle Ice Elementalist began the quest for
                  | the Orb.
     0 | D:1      | Reached XP level 1. HP: 10/10 MP: 3/3
   122 | D:1      | Reached XP level 2. HP: 11/15 MP: 3/5
   182 | D:1      | Found a faded altar of an unknown god.
   608 | D:1      | Reached XP level 3. HP: 18/19 MP: 2/6
   631 | D:1      | Reached skill level 5 in Ice Magic
  1173 | D:2      | Learned a level 3 spell: Frozen Ramparts
  1668 | D:2      | Identified the +1 scale mail "Zaropon" {rC+ rN+ Str+5}
  1767 | D:2      | Reached XP level 4. HP: 24/24 MP: 4/7
  1930 | D:2      | Learned a level 3 spell: Ozocubu's Armour
  2136 | D:2      | Found a runed translucent door.
  2321 | D:2      | Noticed Crazy Yiuf
  2729 | D:3      | Found a sparkling altar of Nemelex Xobeh.
  2826 | D:3      | Reached XP level 5. HP: 28/28 MP: 4/8
  2832 | D:3      | Reached skill level 6 in Ice Magic
  3387 | D:3      | Found a burning altar of Makhleb.
  3409 | D:3      | Reached skill level 3 in Spellcasting
  3437 | D:3      | Reached XP level 6. HP: 16/32 MP: 2/10
  3971 | D:3      | Identified 5 scrolls of identify
  3971 | D:3      | Identified a potion of brilliance
  3972 | D:3      | Identified a potion of degeneration
  3973 | D:3      | Identified a potion of flight
  3974 | D:3      | Identified a potion of curing
  3975 | D:3      | Identified a potion of experience
  3977 | D:3      | Reached skill level 6 in Maces & Flails
  3977 | D:3      | Reached skill level 6 in Armour
  3977 | D:3      | Reached skill level 6 in Spellcasting
  3977 | D:3      | Reached skill level 9 in Ice Magic
  3977 | D:3      | Reached XP level 7. HP: 36/36 MP: 11/17
  4339 | D:2      | Killed Crazy Yiuf
  4465 | D:4      | Reached skill level 7 in Spellcasting
  4528 | D:4      | Identified 2 potions of ambrosia
  4747 | D:4      | Reached XP level 8. HP: 40/41 MP: 13/18
  5093 | D:5      | Entered Level 5 of the Dungeon
  5237 | D:5      | Reached skill level 7 in Armour
  5250 | D:5      | Noticed Dowan
  5253 | D:5      | Noticed Duvessa
  5266 | D:5      | Killed Duvessa
  5267 | D:5      | Killed Dowan
  5721 | D:5      | Reached XP level 9. HP: 45/45 MP: 12/19
  6112 | D:6      | Reached skill level 10 in Ice Magic
  6264 | D:6      | Found a staircase to the Ecumenical Temple.
  6485 | D:6      | Reached skill level 8 in Armour
  6524 | D:6      | Learned a level 2 spell: Searing Ray
  6620 | D:6      | Identified the +1 leather armour of Votwof {rF+}
  6721 | D:6      | Found a hide-covered altar of Uskayaw.
  6728 | D:6      | Reached skill level 1 in Conjurations
  6913 | D:7      | Identified a potion of invisibility
  6926 | D:7      | Found a glowing golden altar of the Shining One.
  6928 | D:7      | Noticed an angel
  6944 | D:7      | Found a basalt altar of Yredelemnul.
  6991 | D:7      | Reached skill level 2 in Conjurations
  7002 | D:7      | Found a flagged portal.
  7060 | D:7      | Identified 4 scrolls of teleportation
  7061 | D:7      | Identified 4 scrolls of summoning
  7115 | D:7      | Identified 3 scrolls of silence
  7166 | D:7      | Reached skill level 3 in Conjurations
  7168 | D:7      | HP: 1/45 [wight/+0 battleaxe (7)]
  7271 | D:7      | Identified 3 scrolls of immolation
  7276 | D:7      | Found Ysati's Fire Supplies.
  7292 | D:7      | Identified the +4 hunting sling of Fundamental Breach
                  | {vorpal, Fragile Str+2 Int+2}
  7307 | D:7      | Reached skill level 4 in Conjurations
  7322 | D:7      | Identified 2 scrolls of fear
  7323 | D:7      | Identified 2 scrolls of blinking
  7377 | Bailey   | Entered a bailey
  7456 | Bailey   | HP: 2/45 [orc warrior/bolt (10)]
  7704 | Bailey   | Reached skill level 5 in Conjurations
  7877 | Bailey   | Reached XP level 10. HP: 40/50 MP: 11/20
  7966 | Bailey   | Reached skill level 6 in Conjurations
  8150 | Bailey   | Identified the +5 arbalest of the Vestibule of Hell {elec,
                  | rPois}
  8152 | Bailey   | Noticed an orc knight
  8152 | Bailey   | Noticed an orc knight
  8156 | Bailey   | Slain by an orc knight

Illustrated notes

Levels and vault maps discovered:
D:1:      dpeg_chamrin_arrival_tetris, layout_basic,
          ebering_ecumenical_altar_abandoned
D:2:      minmay_spotlight, layout_loops_corners, minmay_crystal_room,
          uniq_crazy_yiuf_cottage
D:3:      layout_basic, demons_altar, nemelex_xobeh_ov_fountains_minmay
D:4:      layout_basic, serial_curves, eino_curves_04, eino_curves_03,
          minmay_fractal_squares_5
D:5:      layout_basic, st_stairs_11, uniq_duvessa
D:6:      layout_cave_pools, nicolae_uskayaw_dance_studio,
          minmay_temple_entry_overgrown, serial_bayou_lake_a
D:7:      layout_cave_pools, grunt_temple_overflow_holy_war, enter_bailey_3,
          nicolae_shop_fire_sale [nicolae_sub_dead_trees], minmay_misc_feat_iff,
          grunt_decor_mini_mirrors, st_stairs_9, minmay_fountain_box,
          minmay_manual_maat
Bailey:   bailey_polearm_2, bailey

Skill      XL: |  1  2  3  4  5  6  7  8  9 10 |
---------------+-------------------------------+-----
Ice Magic      | 5 6 9 10 | 10.2
Spellcasting   | 3 6 7 |  7.0
Maces & Flails | 6 |  6.1
Armour         | 6 7 8 |  8.1
Conjurations   | 5 6 |  6.4
Dodging        | |  1.5
Stealth        | |  2.1

Action                   |  1- 3 |  4- 6 |  7- 9 | 10-12 || total
-------------------------+-------+-------+-------+-------++-------
Melee: Unarmed           |     1 |       |       |       ||     1
       Quarterstaff      |       |    37 |       |       ||    37
       Flail             |       |       |    72 |       ||    72
       Whip              |       |       |    67 |    10 ||    77
       Punch             |       |       |     1 |       ||     1
Throw: Throwing net      |       |       |     1 |       ||     1
 Cast: Freeze            |    71 |    40 |    75 |     6 ||   192
       Frozen Ramparts   |       |     3 |    24 |     4 ||    31
       Ozocubu's Armour  |       |     1 |    14 |     4 ||    19
       Searing Ray       |       |       |     3 |       ||     3
Evoke: Wand              |       |       |     6 |       ||     6
  Use: Scroll            |       |     5 |    10 |       ||    15
       Potion            |       |     1 |     3 |       ||     4
Armor: Robe              |    12 |    10 |       |       ||    22
       Scale mail        |       |       |   151 |    17 ||   168
Dodge: Dodged            |    23 |    38 |   106 |    14 ||   181

Table legend: (Time is in decaauts)
 A = Elapsed time spent in this place.
 B = Non-inter-level travel time spent in this place.
 C = Inter-level travel time spent in this place.
 D = Time resting spent in this place.
 E = Time spent auto-exploring this place.
 F = Levels seen in this place.
 G = Mean time per level.
                   A        B        C        D        E       F      G
               +--------+--------+--------+--------+--------+-----+--------+
         Total |   8178 |   7717 |    461 |   1661 |   3809 |   8 | 1022.2 |
       Dungeon |   7401 |   6940 |    461 |   1215 |   3741 |   7 | 1057.3 |
        Bailey |    776 |    776 |      0 |    446 |     68 |   1 |  776.0 |
               +--------+--------+--------+--------+--------+-----+--------+

Top non-repeatable levels by time:
     D:2: 1821 daAuts
     D:3: 1488 daAuts
     D:5: 1015 daAuts
     D:1: 940 daAuts
     D:4: 853 daAuts
     D:6: 821 daAuts
  Bailey: 776 daAuts
     D:7: 460 daAuts
